NCAA
SOUTHERN CALIFORNIA TROJANS @ WASHINGTON HUSKIES
05/17/2023
 
TOP OF THE 1ST
Southern California Trojans batting - Pitching for Washington Huskies : RHP Chris Tillman
Pitching: RHP Chris Tillman
Batting: LHB Thomas Dixon 0-0: Ball
1-0: Fly out, F8 (Flyball, 8RM)
Batting: LHB Mike Davis 0-0: DOUBLE (Line Drive, 89M)
Batting: SHB José López 0-0: Called Strike
0-1: Swinging Strike
0-2: Foul Ball, location: 2F
0-2: Ball
1-2: Strikes out swinging
Batting: RHB Brian Dixon 0-0: Ground out 5-3 (Groundball, 5)
Top of the 1st over - 0 run(s), 1 hit(s), 0 error(s), 1 left on base; Southern California 0 - Washington 0
BOTTOM OF THE 1ST
Washington Huskies batting - Pitching for Southern California Trojans : LHP Burt Bryant
Pitching: LHP Burt Bryant
Batting: LHB Eric Powell 0-0: Foul Ball, location: 2F
0-1: Ball
1-1: Called Strike
1-2: Foul Ball, location: 2F
1-2: Ground out 1-3 (Groundball, 13)
Batting: RHB Lou Taylor 0-0: Swinging Strike
0-1: Ground out 5-3 (Groundball, 5)
Batting: RHB Howard Johnson 0-0: Foul Ball, location: 2F
0-1: Ball
1-1: Ball
2-1: Called Strike
2-2: SINGLE (Line Drive, 56D)
Batting: RHB Manuel Hernández 0-0: Called Strike
0-1: Fly out, F8 (Flyball, 8RM)
Bottom of the 1st over - 0 run(s), 1 hit(s), 0 error(s), 1 left on base; Southern California 0 - Washington 0
TOP OF THE 2ND
Southern California Trojans batting - Pitching for Washington Huskies : RHP Chris Tillman
Batting: LHB Scot Chilson 0-0: Fly out, F7 (Line Drive, 7M)
Batting: LHB Jeff Horton 0-0: Called Strike
0-1: Ball
1-1: Ball
2-1: Fly out, F8 (Flyball, 8RM)
Batting: RHB José Martínez 0-0: Foul Ball, location: 2F
0-1: Ball
1-1: SINGLE (Line Drive, 7LS)
Batting: RHB Roy MacCluskie 0-0: Ball
1-0: Fly out, F4 (Popup, 4D)
Top of the 2nd over - 0 run(s), 1 hit(s), 0 error(s), 1 left on base; Southern California 0 - Washington 0
BOTTOM OF THE 2ND
Washington Huskies batting - Pitching for Southern California Trojans : LHP Burt Bryant
Batting: RHB Jacob Pope 0-0: Foul Ball, location: 2F
0-1: DOUBLE (Line Drive, 7LM)
Batting: LHB Tomás Téllez 0-0: SINGLE (Line Drive, 6MD)
Jacob Pope to third
Batting: SHB Al Crocker 0-0: Ball
1-0: Called Strike
1-1: Called Strike
1-2: Ball
2-2: Strikes out swinging
Batting: RHB Stan Johnson 0-0: Ball
1-0: Foul Ball, location: 2F
1-1: SINGLE (Groundball, 56)
Jacob Pope scores
Tomás Téllez to second
Batting: SHB Michael Aisher 0-0: Ball
1-0: SINGLE (Popup, 4D)
Tomás Téllez to third
Stan Johnson to second
Runner from 3rd tries for Home, SAFE, throw made home
Stan Johnson to third
Michael Aisher to second
Batting: LHB Eric Powell 0-0: Ground out 4-3 (Groundball, 4)
Stan Johnson scores
Michael Aisher to third
Batting: RHB Lou Taylor 0-0: Ball
1-0: Ball
2-0: Ball
3-0: Called Strike
3-1: Base on Balls
Batting: RHB Howard Johnson Reached via error on a dropped throw, E4
Michael Aisher scores
Lou Taylor to second
Batting: RHB Manuel Hernández 0-0: Ball
1-0: Ball
2-0: Swinging Strike
2-1: SINGLE (Groundball, 6M)
Lou Taylor to third
Howard Johnson to second
Runner from 3rd tries for Home, SAFE, no throw or cutoff
Batting: RHB Jacob Pope 0-0: Ball
1-0: Foul Ball, location: 2F
1-1: SINGLE (Groundball, 6MD)
Howard Johnson to third
Manuel Hernández to second
Runner from 3rd tries for Home, SAFE, no throw or cutoff
Batting: LHB Tomás Téllez 0-0: Ball
1-0: Fly out, F8 (Flyball, 8RM)
Bottom of the 2nd over - 6 run(s), 6 hit(s), 1 error(s), 2 left on base; Southern California 0 - Washington 6
TOP OF THE 3RD
Southern California Trojans batting - Pitching for Washington Huskies : RHP Chris Tillman
Batting: SHB Donald Waller 0-0: Ball
1-0: Ball
2-0: SINGLE (Flyball, 9LS)
Batting: LHB Thomas Dixon 0-0: Called Strike
0-1: Ball
1-1: Ball
2-1: Fly out, F7 (Flyball, 78M)
Batting: LHB Mike Davis 0-0: 2-RUN HOME RUN (Flyball, 89XD), Distance : 383 ft
Batting: SHB José López 0-0: Ball
1-0: Swinging Strike
1-1: Foul Ball, location: 2F
1-2: Strikes out swinging
Batting: RHB Brian Dixon 0-0: Called Strike
0-1: Fly out, F5 (Line Drive, 56)
Top of the 3rd over - 2 run(s), 2 hit(s), 0 error(s), 0 left on base; Southern California 2 - Washington 6
BOTTOM OF THE 3RD
Washington Huskies batting - Pitching for Southern California Trojans : LHP Burt Bryant
Batting: SHB Al Crocker 0-0: Ball
1-0: Hit by Pitch
Batting: RHB Stan Johnson 0-0: Ball
1-0: SINGLE (Groundball, 25) (infield hit)
Al Crocker to second
Batting: SHB Michael Aisher 0-0: Ball
Reached via error on a dropped throw, E6
Al Crocker to third
Stan Johnson to second
Batting: LHB Eric Powell 0-0: Ball
1-0: SINGLE (Groundball, 34S)
Al Crocker scores
Stan Johnson to third
Michael Aisher to second
Runner from 3rd tries for Home, SAFE, no throw or cutoff
Batting: RHB Lou Taylor 0-0: SINGLE (Groundball, 34D)
Michael Aisher to third
Eric Powell to second
Batting: RHB Howard Johnson 0-0: Called Strike
0-1: Foul Ball, location: 2F
0-2: Strikes out looking
Batting: RHB Manuel Hernández 0-0: Called Strike
0-1: Ball
1-1: Foul Ball, location: 2F
1-2: Foul Ball, location: 2F
1-2: Ball
2-2: Fly out, F3 (Popup, 3)
Batting: RHB Jacob Pope 0-0: Fly out, F9 (Flyball, 9LS)
Bottom of the 3rd over - 2 run(s), 3 hit(s), 1 error(s), 3 left on base; Southern California 2 - Washington 8
TOP OF THE 4TH
Southern California Trojans batting - Pitching for Washington Huskies : RHP Chris Tillman
Batting: LHB Scot Chilson 0-0: SINGLE (Line Drive, 4M)
Batting: LHB Jeff Horton 0-0: Called Strike
0-1: Swinging Strike
0-2: Strikes out swinging
Batting: RHB José Martínez 0-0: Ball
1-0: DOUBLE (Groundball, 5L)
Scot Chilson to third
Batting: RHB Roy MacCluskie 0-0: Ball
1-0: Ball
2-0: Ball
3-0: Base on Balls
Batting: SHB Donald Waller 0-0: Ball
1-0: Ball
2-0: Ball
3-0: Called Strike
3-1: Foul Ball, location: 2F
3-2: Foul Ball, location: 2F
3-2: DOUBLE (Line Drive, 78M)
Scot Chilson scores
José Martínez scores
Roy MacCluskie to third
Runner from 3rd tries for Home, SAFE, no throw or cutoff
Batting: LHB Thomas Dixon 0-0: Foul Ball, location: 2F
0-1: SINGLE (Groundball, 34D)
Donald Waller to third
Runner from 3rd tries for Home, throw and OUT!
Thomas Dixon to second
Batting: LHB Mike Davis 0-0: Foul Ball, location: 2F
0-1: SINGLE (Flyball, 6MD)
Thomas Dixon to third
Runner from 3rd tries for Home, SAFE, no throw or cutoff
Batting: SHB José López 0-0: Foul Ball, location: 2F
0-1: Swinging Strike
0-2: Ball
1-2: Fly out, F5 (Popup, 5)
Top of the 4th over - 4 run(s), 5 hit(s), 0 error(s), 1 left on base; Southern California 6 - Washington 8
BOTTOM OF THE 4TH
Washington Huskies batting - Pitching for Southern California Trojans : LHP Burt Bryant
Pitching: LHP Marty Jacobson
Batting: LHB Tomás Téllez 0-0: Called Strike
0-1: Foul Ball, location: 2F
0-2: SINGLE (Groundball, 25) (infield hit)
Batting: SHB Al Crocker 0-0: SINGLE (Flyball, 8RS)
Tomás Téllez to second
Batting: RHB Stan Johnson 0-0: Ball
1-0: Ball
2-0: Ball
3-0: Base on Balls
Tomás Téllez to third
Al Crocker to second
Batting: SHB Michael Aisher 0-0: Called Strike
0-1: Ball
1-1: Fly out, F4 (Popup, 13)
Batting: LHB Eric Powell 0-0: Ball
1-0: Ball
2-0: Called Strike
2-1: Foul Ball, location: 2F
2-2: Strikes out swinging
Batting: RHB Lou Taylor 0-0: Foul Ball, location: 2F
0-1: Ball
1-1: SINGLE (Groundball, 34D) (infield hit)
Tomás Téllez scores
Al Crocker to third
Stan Johnson to second
Batting: RHB Howard Johnson 0-0: Ball
1-0: Ball
2-0: DOUBLE (Groundball, 5L)
Al Crocker scores
Stan Johnson scores
Lou Taylor to third
Runner from 3rd tries for Home, SAFE, no throw or cutoff
Pitching: LHP César Ruíz
Batting: RHB Manuel Hernández 0-0: Ball
1-0: Ball
2-0: Ball
3-0: Called Strike
3-1: Swinging Strike
3-2: Foul Ball, location: 2F
3-2: Base on Balls
Batting: RHB Jacob Pope 0-0: Ball
1-0: Fielders Choice at 2nd, U6 (Groundball, 6M)
Bottom of the 4th over - 4 run(s), 4 hit(s), 0 error(s), 2 left on base; Southern California 6 - Washington 12
TOP OF THE 5TH
Southern California Trojans batting - Pitching for Washington Huskies : RHP Chris Tillman
Batting: RHB Brian Dixon 0-0: Ball
1-0: SINGLE (Groundball, 6)
Batting: LHB Scot Chilson 0-0: Called Strike
Brian Dixon steals 2nd base
0-1: Fly out, F2 (Popup, 25F)
Batting: LHB Jeff Horton 0-0: Ball
1-0: Ground out 4-3 (Groundball, 4S)
Brian Dixon to third
Batting: RHB José Martínez 0-0: Called Strike
0-1: Ball
1-1: Ball
2-1: Called Strike
2-2: Ball
3-2: Base on Balls
Batting: RHB Roy MacCluskie 0-0: Called Strike
0-1: Swinging Strike
0-2: Ball
1-2: 3-RUN HOME RUN (Line Drive, 9LD), Distance : 327 ft
Batting: SHB Donald Waller 0-0: Foul Ball, location: 2F
0-1: Ball
1-1: Foul Ball, location: 2F
1-2: Ball
2-2: Ground out 6-3 (Groundball, 6)
Top of the 5th over - 3 run(s), 2 hit(s), 0 error(s), 0 left on base; Southern California 9 - Washington 12
BOTTOM OF THE 5TH
Washington Huskies batting - Pitching for Southern California Trojans : LHP César Ruíz
Batting: LHB Tomás Téllez 0-0: Ball
1-0: Ground out 4-3 (Groundball, 4M)
Batting: SHB Al Crocker 0-0: Ball
1-0: SINGLE (Groundball, 5D)
Batting: RHB Stan Johnson 0-0: Ball
1-0: Fly out, F9 (Flyball, 89M)
Batting: SHB Michael Aisher Pickoff Throw to First - Out!
Bottom of the 5th over - 0 run(s), 1 hit(s), 0 error(s), 0 left on base; Southern California 9 - Washington 12
TOP OF THE 6TH
Southern California Trojans batting - Pitching for Washington Huskies : RHP Chris Tillman
Pitching: RHP Stephen Horton
Batting: LHB Thomas Dixon 0-0: Ball
1-0: Called Strike
1-1: Swinging Strike
1-2: Foul Ball, location: 2F
1-2: Foul Ball, location: 2F
1-2: Strikes out swinging
Batting: LHB Mike Davis 0-0: Ball
1-0: Called Strike
1-1: Foul Ball, location: 2F
1-2: Strikes out swinging
Batting: SHB José López 0-0: SOLO HOME RUN (Flyball, 89XD), Distance : 365 ft
Batting: RHB Brian Dixon 0-0: Ball
1-0: Called Strike
1-1: Swinging Strike
1-2: Foul Ball, location: 2F
1-2: Foul Ball, location: 2F
1-2: SINGLE (Line Drive, 6)
Batting: LHB Scot Chilson 0-0: Called Strike
0-1: Ball
1-1: Ball
2-1: Ground out 3-1 (Groundball, 34)
Top of the 6th over - 1 run(s), 2 hit(s), 0 error(s), 1 left on base; Southern California 10 - Washington 12
BOTTOM OF THE 6TH
Washington Huskies batting - Pitching for Southern California Trojans : LHP César Ruíz
Batting: SHB Michael Aisher 0-0: Ball
1-0: Called Strike
1-1: Swinging Strike
1-2: Ball
2-2: Ball
3-2: Foul Ball, location: 2F
3-2: Base on Balls
Batting: LHB Eric Powell 0-0: Called Strike
0-1: Swinging Strike
0-2: Ball
1-2: Fly out, F4 (Popup, 4S)
Batting: RHB Lou Taylor 0-0: Foul Ball, location: 2F
0-1: Called Strike
0-2: Foul Ball, location: 2F
0-2: Ball
Michael Aisher steals 2nd base
1-2: Foul Ball, location: 2F
1-2: Foul Ball, location: 2F
1-2: Foul Ball, location: 2F
1-2: 2-RUN HOME RUN (Flyball, 7LD), Distance : 331 ft
Batting: RHB Howard Johnson 0-0: SINGLE (Groundball, 4MD)
Batting: RHB Manuel Hernández 0-0: Ball
Howard Johnson steals 2nd base
1-0: Intentional Walk
Batting: RHB Jacob Pope 0-0: Ball
Howard Johnson steals 3rd base
Manuel Hernández to second
1-0: Intentional Walk
Batting: LHB Tomás Téllez 0-0: Ball
1-0: Called Strike
Single, Error in OF, E9, batter to second base
Howard Johnson scores
Manuel Hernández scores
Jacob Pope to third
Batting: SHB Al Crocker 0-0: Called Strike
0-1: Fly out, F8 (Flyball, 8LD)
Runner from 3rd tags up, SCORES, no throw
Batting: RHB Stan Johnson 0-0: Called Strike
0-1: Ball
1-1: Swinging Strike
1-2: Ball
2-2: Strikes out swinging
Bottom of the 6th over - 5 run(s), 3 hit(s), 1 error(s), 1 left on base; Southern California 10 - Washington 17
TOP OF THE 7TH
Southern California Trojans batting - Pitching for Washington Huskies : RHP Stephen Horton
Batting: LHB Jeff Horton 0-0: Ball
1-0: Foul Ball, location: 2F
1-1: Foul Ball, location: 2F
1-2: Ground out 1-3 (Groundball, 15)
Batting: RHB José Martínez 0-0: Ball
1-0: Fly out, F4 (Line Drive, 4)
Batting: RHB Roy MacCluskie 0-0: Called Strike
0-1: Ball
1-1: Foul Ball, location: 2F
1-2: Fly out, F4 (Line Drive, 4)
Top of the 7th over - 0 run(s), 0 hit(s), 0 error(s), 0 left on base; Southern California 10 - Washington 17
BOTTOM OF THE 7TH
Washington Huskies batting - Pitching for Southern California Trojans : LHP César Ruíz
Pitching: RHP J.J. George
Batting: SHB Michael Aisher 0-0: Foul Ball, location: 2F
0-1: Ball
1-1: Hit by Pitch
Batting: LHB Eric Powell 0-0: Ball
Wild Pitch!
Michael Aisher to second
1-0: Foul Ball, location: 2F
1-1: Ball
2-1: Swinging Strike
2-2: Strikes out swinging
Batting: RHB Lou Taylor 0-0: Ball
1-0: Foul Ball, location: 2F
1-1: Ball
2-1: Ball
3-1: Foul Ball, location: 2F
3-2: Strikes out swinging
Batting: RHB Howard Johnson 0-0: Called Strike
0-1: Ground out 4-3 (Groundball, 4M)
Bottom of the 7th over - 0 run(s), 0 hit(s), 0 error(s), 1 left on base; Southern California 10 - Washington 17
TOP OF THE 8TH
Southern California Trojans batting - Pitching for Washington Huskies : RHP Stephen Horton
Pitching: RHP Ed Lugo
Now in RF: Rafael Hernández
Batting: SHB Donald Waller 0-0: Ball
1-0: Called Strike
1-1: Swinging Strike
1-2: Strikes out swinging
Batting: LHB Thomas Dixon 0-0: Ball
1-0: Called Strike
1-1: Ball
2-1: Swinging Strike
2-2: Ball
3-2: Fly out, F9 (Flyball, 9M)
Batting: LHB Mike Davis 0-0: Swinging Strike
0-1: Fly out, F7 (Flyball, 78M)
Top of the 8th over - 0 run(s), 0 hit(s), 0 error(s), 0 left on base; Southern California 10 - Washington 17
BOTTOM OF THE 8TH
Washington Huskies batting - Pitching for Southern California Trojans : RHP J.J. George
Batting: RHB Manuel Hernández 0-0: Called Strike
0-1: Ball
1-1: Foul Ball, location: 2F
1-2: Ground out 1-3 (Groundball, 23)
Batting: RHB Jacob Pope 0-0: Ball
1-0: Ground out 5-3 (Groundball, 5S)
Batting: LHB Tomás Téllez 0-0: Ball
1-0: Ball
2-0: Ball
3-0: Base on Balls
Batting: SHB Al Crocker 0-0: Swinging Strike
0-1: Ball
1-1: Swinging Strike
1-2: Strikes out swinging
Bottom of the 8th over - 0 run(s), 0 hit(s), 0 error(s), 1 left on base; Southern California 10 - Washington 17
TOP OF THE 9TH
Southern California Trojans batting - Pitching for Washington Huskies : RHP Ed Lugo
Batting: SHB José López 0-0: Called Strike
0-1: TRIPLE (Line Drive, 89XD)
Batting: RHB Brian Dixon 0-0: Ball
1-0: Ball
2-0: Ball
3-0: Called Strike
3-1: Base on Balls
Batting: LHB Scot Chilson 0-0: Fly out, F8 (Line Drive, 8LM)
Runner from 3rd tags up, SCORES, no throw
Batting: LHB Jeff Horton 0-0: Swinging Strike
0-1: Called Strike
0-2: Strikes out swinging
Batting: RHB José Martínez 0-0: Ball
1-0: Called Strike
1-1: Called Strike
1-2: Strikes out swinging
Top of the 9th over - 1 run(s), 1 hit(s), 0 error(s), 1 left on base; Southern California 11 - Washington 17
This league is powered by Out of the Park Baseball, the baseball management simulation game for PC, Mac and Linux
Wednesday, December 2nd, 2015 - OOTP Baseball 16.8 Build 38